 Dungeon Crawl Stone Soup version 0.13-a0-1536-gedae9ec (webtiles) character file.

9093 Kae the Markscentaur (level 11, 0/89 HPs)
             Began as a Centaur Hunter on June 9, 2013.
             Was an Elder of Okawaru.
             Killed from afar by a dragon (39 damage)
             ... with a blast of flame
             ... on Level 10 of the Dungeon.
             The game lasted 00:33:55 (16162 turns).

Kae the Markscentaur (Centaur Hunter)              Turns: 16162, Time: 00:33:55

HP   0/89        AC 14     Str 16      XL: 11   Next: 10%
MP   5/7         EV  7     Int 12      God: Okawaru [****..]
Gold 587         SH  0     Dex 12      Spells:  0 memorised, 10 levels left

Res.Fire  : . . .   See Invis. : .   b - +2,+3 bow
Res.Cold  : . . .   Warding    : +   u - +0 elf chain mail
Life Prot.: + . .   Conserve   : .   (no shield)
Res.Poison: .       Res.Corr.  : .   O - +2 wizard hat
Res.Elec. : .       Clarity    : .   y - +2 cloak {MR+}
Sust.Abil.: . .     Spirit.Shd : .   (no gloves)
Res.Mut.  : .       Stasis     : .   (no barding)
Res.Rott. : .       Flight     : .   J - amulet of warding {unknown}
Saprovore : . . .                    G - +2 ring of evasion
                                     q - +2 ring of intelligence

@: heroism, very quick, quite resistant to hostile enchantments, extremely
unstealthy
A: hooves 3, deformed body, herbivore 1, speed 2, fast metabolism 1, tough skin
3
a: Heroism, Renounce Religion


You were on level 10 of the Dungeon.
You worshipped Okawaru.
Okawaru was extremely pleased with you.
You were very hungry.

You visited 1 branch of the dungeon, and saw 10 of its levels.

You collected 647 gold pieces.
You spent 80 gold pieces at shops.

Inventory:

Hand weapons
 a - a +0,+3 flail of draining
 b - a +2,+3 bow (weapon)
 K - a cursed +2,+1 flail
 R - a cursed +3,+2 flail
Missiles
 c - 77 arrows
 n - 5 arrows of frost (quivered)
 p - 14 arrows of flame
 r - 11 poisoned arrows
 I - a dart
 P - 35 arrows of dispersal
Armour
 u - a +0 elven chain mail (worn)
 y - a +2 cloak of magic resistance (worn)
 H - the +0 shield of the Dropbear {rN+}
   (You found it on level 6 of the Dungeon)

   It protects you from negative energy.
 O - a +2 wizard hat (worn)
Magical devices
 z - a wand of frost (6) {unknown}
 A - a wand of polymorph (24)
 D - a wand of digging (12) {unknown}
 N - a wand of invisibility (3) {unknown}
Comestibles
 f - 3 bread rations
 j - 6 meat rations
 l - 2 apples
 Q - a pear
 T - 2 chunks of giant frog flesh
Scrolls
 e - 3 scrolls of recharging
 o - 2 scrolls of fear
 x - 3 scrolls of amnesia
 C - 2 scrolls of blinking
 E - a scroll of enchant weapon I
 S - 2 scrolls of teleportation
Jewellery
 d - an uncursed ring of wizardry {unknown}
 q - a +2 ring of intelligence (left hand)
 G - a +2 ring of evasion (right hand)
 J - an amulet of warding (around neck) {unknown}
 M - an uncursed ring of hunger {unknown}
Potions
 g - 2 potions of cure mutation {unknown}
 h - a potion of invisibility {unknown}
 i - a potion of resistance {unknown}
 k - 2 potions of agility {unknown}
 m - 3 potions of curing
 t - a potion of speed {unknown}
 v - a potion of poison {unknown}
 w - 4 potions of heal wounds
 B - 3 potions of confusion
 F - a potion of restore abilities {unknown}
Books
 s - a book of the Earth

   Spells                             Type                      Level
   Dig                                Earth                        4
   Leda's Liquefaction                Hexes/Earth                  4
   Bolt of Magma                      Conjuration/Fire/Earth       5
   Statue Form                        Transmutation/Earth          6
   Iron Shot                          Conjuration/Earth            6
   Shatter                            Earth                        9
 L - a book of Beasts

   Spells                             Type                      Level
   Summon Butterflies                 Summoning                    1
   Sticks to Snakes                   Transmutation                2
   Call Canine Familiar               Summoning                    3
   Ice Form                           Ice/Transmutation            4
   Summon Ice Beast                   Ice/Summoning                4
   Summon Hydra                       Summoning                    7


   Skills:
 + Level 7.7(12.7) Fighting
 + Level 4.7(9.7) Maces & Flails
 * Level 16.5(21.5) Bows
 + Level 5.7(10.7) Dodging
 - Level 0.5(5.5) Stealth


You had 10 spell levels left.
You didn't know any spells.

Dungeon Overview and Level Annotations

Branches:
Dungeon (10/27)            Temple (0/1) D:5             Orc (0/4) D:6
   Lair: D:8-13

Altars:
Cheibriados
Elyvilon
Fedhas
Makhleb
Nemelex Xobeh
Okawaru
Sif Muna
Trog
Yredelemnul

Shops:
D:7: (

Annotations
D:9 exclusions: 3 doors and 1 more exclusion


Innate Abilities, Weirdness & Mutations

You have hooves in place of feet.
Armour fits poorly on your strangely shaped body.
You digest meat inefficiently.
You cover ground very quickly.
You have a fast metabolism.
You have extremely tough skin (AC +3).


Message History

Press: ? - help, Shift-Dir - straight line, f/p - dragon
Aim: a dragon (heavily wounded, catching its breath)
You shoot an arrow of frost. The arrow of frost hits the dragon.
The dragon is frozen!
The dragon is heavily wounded.
Firing (i - inventory. (,) - cycle):
n - 7 arrows of frost (quivered)
Press: ? - help, Shift-Dir - straight line, f/p - dragon
Aim: a dragon (heavily wounded, catching its breath)
You shoot an arrow of frost. The arrow of frost hits the dragon.
The dragon is frozen!
The dragon is heavily wounded.
Firing (i - inventory. (,) - cycle):
n - 6 arrows of frost (quivered)
Press: ? - help, Shift-Dir - straight line, f/p - dragon
Aim: a dragon (heavily wounded)
You shoot an arrow of frost. The arrow of frost hits the dragon.
The dragon is frozen!
The dragon is severely wounded.
The dragon breathes fire at you. The blast of flame hits you!
You die...

#.##.#.....#.###..... ######
#......#.#.......###.
#....###########.#.#############.
..##.##..........................
####.##.####............#########
# #..D.# #....#...<...# ## #
####.####....#.....[.# .. #
#.(.(.....#...)..(# .. #
#....((D..@.......# [ #
#...........).....# .
#.....^...........#
#.####............# #.#
#.....######## # #.# #####.# ##
#.# #.# .# #.# #.# .# #.# ####.#


You could see a dragon.

Vanquished Creatures
  Gastronok (D:8)
  An unseen horror (D:10)
  A hydra skeleton (D:9)
  The ghost of Bloax the Insei, an experienced GrTm (D:5)
  A giant firefly (D:10)
  A komodo dragon (D:9)
  2 hungry ghosts (D:7)
  4 yaks (D:9)
  Menkaure (D:4)
  6 orc warriors
  2 sky beasts
  3 ice beasts
  5 ogres
  A hippogriff (D:10)
  2 phantoms
  A manticore skeleton (D:7)
  A cyclops skeleton (D:9)
  A yellow wasp (D:9)
  3 centaurs
  A centaur zombie (D:8)
  3 giant frogs
  2 water moccasin zombies
  A big kobold (D:10)
  10 wights
  10 killer bees
  A crocodile zombie (D:10)
  4 crimson imps
  A sky beast zombie (D:7)
  5 hounds
  Crazy Yiuf (D:2)
  A gnoll shaman (D:8)
  A hound zombie (D:9)
  12 worker ants
  6 orc priests
  8 orc wizards
  3 scorpions
  A worker ant zombie (D:10)
  5 goliath beetles
  2 jellies
  2 mummies (D:7)
  8 gnolls
  12 adders
  An iguana zombie (D:7)
  5 worms
  An adder skeleton (D:5)
  A giant mite (D:9)
  2 giant eyeballs
  6 giant geckos
  A gnoll skeleton (D:7)
  3 oozes
  30 orcs
  3 ball pythons
  6 giant cockroaches
  9 hobgoblins
  10 jackals
  15 kobolds
  5 quokkas
  4 training dummies (D:7)
  15 bats
  3 giant newts
  8 goblins
  A goblin skeleton (D:4)
  A hobgoblin skeleton (D:3)
  A jackal skeleton (D:7)
  A kobold skeleton (D:7)
  44 rats
  A rat skeleton (D:5)
  2 ballistomycetes (D:10)
  2 fungi (D:2)
319 creatures vanquished.

Vanquished Creatures (others)
  A giant gecko (D:9)
  2 orcs
  A hobgoblin (D:2)
  A giant spore (D:10)
  A rat (D:4)
  A plant (D:9)
7 creatures vanquished.

Grand Total: 326 creatures vanquished

Notes
Turn   | Place    | Note
--------------------------------------------------------------
     0 | D:1      | Kae, the Centaur Hunter, began the quest for the Orb.
     0 | D:1      | Reached XP level 1. HP: 17/17 MP: 0/0
    64 | D:1      | Reached skill level 6 in Bows
    64 | D:1      | Reached XP level 2. HP: 22/24 MP: 1/1
   858 | D:1      | Reached XP level 3. HP: 15/29 MP: 2/2
  1426 | D:2      | Found a snail-covered altar of Cheibriados.
  1436 | D:2      | Reached skill level 7 in Bows
  1487 | D:2      | HP: 1/29 [poisoned by an adder]
  1987 | D:2      | Found a basalt altar of Yredelemnul.
  2089 | D:2      | Reached XP level 4. HP: 33/36 MP: 2/2
  2600 | D:2      | Reached skill level 8 in Bows
  2726 | D:2      | Noticed Crazy Yiuf
  2743 | D:2      | Killed Crazy Yiuf
  2852 | D:3      | Reached XP level 5. HP: 37/41 MP: 3/3
  3341 | D:3      | Reached skill level 9 in Bows
  3936 | D:4      | Paralysed by a giant eyeball for 4 turns
  3999 | D:4      | Reached XP level 6. HP: 7/48 MP: 4/4
  4602 | D:4      | Reached skill level 10 in Bows
  4815 | D:4      | Noticed Menkaure
  4986 | D:4      | Killed Menkaure
  5296 | D:4      | Reached skill level 11 in Bows
  5296 | D:4      | Reached XP level 7. HP: 53/53 MP: 4/4
  5494 | D:5      | Entered Level 5 of the Dungeon
  5543 | D:5      | Noticed Bloax's ghost (experienced GrTm)
  5556 | D:5      | Killed Bloax's ghost
  5819 | D:5      | Found a deep blue altar of Sif Muna.
  6055 | D:5      | Reached XP level 8. HP: 33/62 MP: 5/5
  6223 | D:5      | Found a staircase to the Ecumenical Temple.
  6377 | D:5      | Reached skill level 12 in Bows
  6671 | D:6      | Found a staircase to the Orcish Mines.
  7231 | D:6      | Got a steaming shield
  7238 | D:6      | Identified the +0 shield of the Dropbear {rN+} (You found it on level 6 of the Dungeon)
  7516 | D:6      | Found a bloodstained altar of Trog.
  7592 | D:7      | Found Oletan's Antique Weapon Shop.
  7592 | D:7      | Found an iron altar of Okawaru.
  7655 | D:7      | Became a worshipper of Warmaster Okawaru
  7668 | D:7      | Bought a runed flail for 80 gold pieces
  8468 | D:7      | Reached skill level 13 in Bows
  8468 | D:7      | Reached XP level 9. HP: 68/70 MP: 6/6
  8559 | D:7      | Acquired Okawaru's first power
  9288 | D:7      | Found an iron altar of Okawaru.
 10244 | D:7      | Reached skill level 5 in Fighting
 10267 | D:7      | Paralysed by a giant eyeball for 4 turns
 10608 | D:8      | Reached skill level 14 in Bows
 11550 | D:8      | Noticed Gastronok
 11578 | D:8      | Killed Gastronok
 11578 | D:8      | Reached skill level 15 in Bows
 11578 | D:8      | Reached XP level 10. HP: 61/80 MP: 6/6
 11584 | D:8      | Received a gift from Okawaru
 11782 | D:8      | Found a sparkling altar of Nemelex Xobeh.
 12191 | D:9      | Found a blossoming altar of Fedhas.
 12504 | D:9      | Received a gift from Okawaru
 13247 | D:9      | Found a burning altar of Makhleb.
 13398 | D:9      | Found a white marble altar of Elyvilon.
 13625 | D:9      | Received a gift from Okawaru
 13719 | D:9      | Reached skill level 5 in Dodging
 14080 | D:10     | Entered Level 10 of the Dungeon
 14266 | D:10     | Reached skill level 16 in Bows
 14704 | D:10     | Noticed a dragon
 15141 | D:10     | Received a gift from Okawaru
 15314 | D:10     | Killed an unseen horror
 15314 | D:10     | Reached XP level 11. HP: 36/89 MP: 7/7
 16162 | D:10     | Killed from afar by a dragon

Action                   |  1- 3 |  4- 6 |  7- 9 | 10-12 || total
-------------------------+-------+-------+-------+-------++-------
Melee: Short sword       |    95 |   201 |   115 |       ||   411
       Flail             |       |       |   203 |   190 ||   393
       Bow               |       |       |       |     3 ||     3
 Fire: Bow               |    15 |    78 |   209 |   178 ||   480
Throw: Dart              |       |       |       |     2 ||     2
Invok: Heroism           |       |       |     1 |     6 ||     7
  Use: Scroll            |       |       |    25 |     4 ||    29
       Potion            |       |       |     4 |     1 ||     5
